 Dungeon Crawl Stone Soup version 0.29-a0-22-gbf593b1 (webtiles) character file.

Game seed: 4819653267575079205

165 Illumine the Cudgeller (level 5, 0/54 HPs)
             Began as an Ogre Monk on Jan 29, 2022.
             Slain by Ijyb (6 damage)
             ... on level 3 of the Dungeon.
             The game lasted 00:04:11 (2600 turns).

Illumine the Cudgeller (Ogre Monk)                  Turns: 2600, Time: 00:04:11

Health: 0/54       AC:  3    Str: 17    XL:     5   Next: 46%
Magic:  5/5        EV: 10    Int: 11    God:
Gold:   71         SH:  0    Dex: 11    Spells: 4/4 levels left

rFire   . . .      SeeInvis .   i - +1 hand axe (elec)
rCold   . . .      Faith    .   (no shield)
rNeg    . . .      Spirit   .   b - +0 robe
rPois   .          Reflect  .   (helmet restricted)
rElec   .          Harm     .   (no cloak)
rCorr   .          Rampage  .   (gloves unavailable)
Will    .....                   (boots unavailable)
Stlth   ++........              (no amulet)
HPRegen 0.18/turn               (no ring)
MPRegen 0.09/turn               (no ring)

@: no status effects
A: large, unfitting armour, tough skin 1
a: no special abilities


You were on level 3 of the Dungeon.
You visited 1 branch of the dungeon, and saw 3 of its levels.

You collected 71 gold pieces.

Inventory:

Hand Weapons
 a - a +0 mace
 f - a +0 whip of venom
 i - a +1 hand axe of electrocution (weapon)
Missiles
 c - 45 stones (quivered)
Armour
 b - a +0 robe (worn)
Wands
 d - a wand of paralysis (7)
Scrolls
 g - a scroll of identify {unknown}
Potions
 e - 3 potions of attraction {unknown}
 h - a potion of haste


   Skills:
 - Level 4.0 Fighting
 * Level 0.0(3.3) Axes
 - Level 5.0 Maces & Flails
 + Level 2.0 Throwing
 - Level 2.6 Dodging
 - Level 1.4 Stealth


You had 4 spell levels left.
You didn't know any spells.
Your spell library was empty.

Dungeon Overview and Level Annotations

Branches:
Dungeon (3/15)

Altars:

Annotations:
D:3 Grinder, Ijyb, Natasha


Innate Abilities, Weirdness & Mutations

You are too large for most types of armour.
You have tough skin. (AC +1)


Message History

The bat hits you but does no damage.
Terence hits you with a +1 hand axe of electrocution.
You hit Terence but do no damage.
Terence looks even sicker.
Terence is severely wounded.
Terence hits you with a +1 hand axe of electrocution!
The bat hits you but does no damage. The bat hits you.
You hit the bat.
The bat is poisoned.
The bat is moderately wounded.
You kill Terence!
You kill the bat!
Your Maces & Flails skill increases to level 5!
Your Throwing skill increases to level 2!
Unknown command.
You now have 71 gold pieces (gained 15).
Things that are here:
a +1 hand axe of electrocution; a +0 chain mail; the human corpse of Terence
i - a +1 hand axe of electrocution Your +0 whip of venom stops dripping with poison.
You hear the crackle of electricity.
i - a +1 hand axe of electrocution (weapon)
You start resting.
HP restored.
e - 3 lumpy black potions (gained 1)
Things that are here:
a +0 chain mail; the human corpse of Terence
c - 45 stones (gained 3)
Things that are here:
a +0 short sword; a kobold corpse
There is a stone staircase leading up here.
Ijyb shouts!
Ijyb zaps a wand.
The bolt of acid hits you!!
Ouch! That really hurt!
Ijyb hits you with a +0 club.
You hit Ijyb but do no damage. Ijyb barely misses you.
Ijyb zaps a wand.
The bolt of acid hits you!
* * * LOW HITPOINT WARNING * * *
You hit Ijyb. Lightning courses through Ijyb!
Ijyb is heavily wounded.
Ijyb hits you with a +0 club.
You die...

................#...#
##........<..#....###
..####..............#
...##.......##.#.####
...##<...........#
...#...##.......###
.....#.##.........####..
...###.#..##............
...# .....#.....@g....#
####...##.#....$.|...##
##..#....##...#####
##....#.#..#.#
..#.#.#.##... ........
###.. .# #.## ... #. #.
#


You could see Ijyb.

Vanquished Creatures
  A phantom (D:2)
  Terence (D:3)
  An adder (D:2)
  4 bats
  5 endoplasms
  3 giant cockroaches (D:1)
  4 goblins
  4 hobgoblins
  8 jackals (D:1)
  2 quokkas
  8 ball pythons
  2 frilled lizards
  5 kobolds
  4 rats
52 creatures vanquished.

Notes
Turn   | Place    | Note
-------+----------+-------------------------------------------
     0 | D:1      | Illumine the Ogre Monk began the quest for the Orb.
     0 | D:1      | Reached XP level 1. HP: 24/24 MP: 1/1
    63 | D:1      | HP: 1/24 [rat (2)]
   403 | D:2      | Reached skill level 3 in Maces & Flails
   428 | D:2      | Reached XP level 2. HP: 32/32 MP: 2/2
   737 | D:1      | Reached XP level 3. HP: 39/39 MP: 3/3
  1051 | D:1      | Reached skill level 4 in Maces & Flails
  1426 | D:1      | Reached XP level 4. HP: 48/48 MP: 4/4
  2147 | D:3      | Noticed Grinder
  2147 | D:3      | Noticed Natasha
  2147 | D:3      | Noticed a scorpion
  2173 | D:3      | Noticed a phantom
  2208 | D:2      | Killed a phantom
  2209 | D:2      | Reached skill level 1 in Throwing
  2209 | D:2      | Reached XP level 5. HP: 11/54 MP: 5/5
  2452 | D:3      | Noticed Ijyb
  2472 | D:3      | Noticed Terence
  2482 | D:3      | Killed Terence
  2483 | D:3      | Reached skill level 5 in Maces & Flails
  2600 | D:3      | Slain by Ijyb

Illustrated notes

Levels and vault maps discovered:
D:1:      minmay_arrival_open_corners, layout_loops_ring
D:2:      layout_basic, minmay_pentomino_p2
D:3:      layout_rooms, grunt_ministairs_10, roderic_roman_lattice,
          minmay_misc_feat_cross, serial_bayou_pond_d, uniq_grinder,
          uniq_natasha, uniq_terence, uniq_ijyb

Skill      XL: |  1  2  3  4  5 |
---------------+----------------+-----
Maces & Flails | 3 4 5 |  5.0
Throwing       | 1 2 |  2.0
Fighting       | |  4.0
Dodging        | |  2.6
Stealth        | |  1.4

Action                   |  1- 3 |  4- 6 || total
-------------------------+-------+-------++-------
Melee: Mace              |    74 |    15 ||    89
       Punch             |     3 |       ||     3
       Whip              |    68 |    21 ||    89
       Hand axe          |       |     2 ||     2
Throw: Stone             |     8 |       ||     8
  Use: Potion            |     1 |       ||     1
 Stab: Sleeping          |     1 |     1 ||     2
Armor: Robe              |    46 |     9 ||    55
Dodge: Dodged            |    98 |    19 ||   117

Table legend: (Time is in decaauts)
 A = Elapsed time spent in this place.
 B = Non-inter-level travel time spent in this place.
 C = Inter-level travel time spent in this place.
 D = Time resting spent in this place.
 E = Time spent auto-exploring this place.
 F = Levels seen in this place.
 G = Mean time per level.
                   A        B        C        D        E       F      G
               +--------+--------+--------+--------+--------+-----+--------+
         Total |   2598 |   2517 |     81 |    837 |   1117 |   3 |  866.0 |
       Dungeon |   2598 |   2517 |     81 |    837 |   1117 |   3 |  866.0 |
               +--------+--------+--------+--------+--------+-----+--------+

Top non-repeatable levels by time:
     D:2: 1450 daAuts
     D:1: 977 daAuts
     D:3: 170 daAuts
